 Dungeon Crawl Stone Soup version 0.16.1-16-gc44b35d (console) character file.

10282 Mandevil the Destroyer (level 11, -19/81 HPs)
             Began as a Demonspawn Conjurer on Apr 21, 2015.
             Was a Priest of Vehumet.
             Demolished by Rupert
             ... wielding a +0 battleaxe of chopping
              (26 damage)
             ... on level 3 of the Lair of Beasts.
             The game lasted 01:25:26 (13873 turns).

Mandevil the Destroyer (Demonspawn Conjurer)       Turns: 13873, Time: 01:25:26

Health: -19/81     AC:  6    Str:  9    XL:     11   Next: 34%
Magic:  9/28       EV: 17    Int: 24    God:    Vehumet [***...]
Gold:   355        SH:  0    Dex: 22    Spells: 4 memorised, 16 levels left

rFire  x . .     SeeInvis .     b - +7 short sword {freeze, rPois rF- Int+4 Dex+4}
rCold  + . .     Clarity  .     K - +0 leather armour
rNeg   . . .     SustAb   .     (no shield)
rPois  +         Gourm    .     I - +0 hat
rElec  .         Spirit   .     o - +2 cloak
rCorr  .         Warding  .     (no gloves)
rMut   .         Stasis   .     (boots unavailable)
MR     .....                    (no amulet)
Stlth  +++.......               g - ring of protection from cold
                                B - ring of wizardry

@: agile, very slightly contaminated, hasted, very quick, not resistant to
hostile enchantments, fairly stealthy
A: hooves 3, powered by death 2, rot immunity
a: Renounce Religion


You were on level 3 of the Lair of Beasts.
You worshipped Vehumet.
Vehumet was most pleased with you.
You were not hungry.

You visited 3 branches of the dungeon, and saw 12 of its levels.

You collected 355 gold pieces.

Inventory:

Hand weapons
 a - a +2 dagger of venom
 b - the +7 short sword of Gozag's Hatred (weapon) {freeze, rPois rF- Int+4 Dex+4}
   (You found it on level 4 of the Dungeon)

   It has been specially enchanted to freeze those struck by it, causing extra
   injury to most foes and up to half again as much damage against particularly
   susceptible opponents.
   It can also slow down cold-blooded creatures.
   It affects your intelligence (+4).
   It affects your dexterity (+4).
   It makes you vulnerable to fire.
   It protects you from poison.
 n - a +0 rapier
 u - a +0 quarterstaff
 v - a +1 mace of crushing
 y - a +0 blowgun
Missiles
 h - 354 stones (quivered)
 i - 8 javelins
 x - 20 poisoned needles
Armour
 o - a +2 cloak (worn)
 I - a +0 hat (worn)
 K - a +0 leather armour (worn)
Jewellery
 g - a ring of protection from cold (right hand)
 B - a ring of wizardry (left hand)
Magical devices
 C - a wand of frost (20)
 D - a wand of paralysis (14)
 E - a wand of draining (7)
 G - a wand of polymorph (15)
 J - a wand of slowing (28)
 N - a wand of fireball (4)
 O - a wand of flame (21)
Scrolls
 p - 3 scrolls of amnesia
 w - 2 scrolls of fog
 Q - a scroll of remove curse
Potions
 d - 3 potions of curing
 e - 2 potions of haste
 j - a potion of invisibility
 k - a potion of ambrosia
 m - 2 potions of might
 r - a potion of heal wounds {unknown}
 s - a potion of resistance {unknown}
 t - a potion of cure mutation {unknown}
 A - a potion of restore abilities {unknown}
 F - a potion of berserk rage
 H - a potion of magic {unknown}
Miscellaneous
 P - a phial of floods
Comestibles
 c - 8 fruits
 f - 11 meat rations
 l - 11 beef jerkies
 q - 2 slices of pizza
 z - 9 bread rations
 M - 6 chunks of flesh
 R - 2 poisonous chunks of flesh
 S - a royal jelly


   Skills:
 + Level 5.7 Fighting
 - Level 1.7 Dodging
 - Level 1.7 Stealth
 + Level 9.0 Spellcasting
 * Level 13.1 Conjurations
 - Level 5.0 Charms


You had 16 spell levels left.
You knew the following spells:

 Your Spells              Type           Power        Failure   Level  Hunger
a - Magic Dart            Conj           ####         1%          1    None
b - Searing Ray           Conj           ######       1%          2    None
m - Iskenderun's Mystic   Conj           ######..     1%          4    ##.....
B - Iskenderun's Battles  Conj/Chrm      ######..     1%          5    ####...


Dungeon Overview and Level Annotations

Branches:
Dungeon (8/15)             Temple (1/1) D:4            Lair (3/8) D:8
  Swamp: Lair:3-6    Shoals: Lair:3-6     Snake: Lair:3-6    Spider: Lair:3-6

Altars:
Ashenzari
Dithmenos
Elyvilon
Fedhas
Makhleb
Okawaru
Qazlal
Ru
Sif Muna
Trog
Vehumet
Xom
Yredelemnul
Zin
The Shining One

Annotations:
D:8 death yak!
Lair:1 Nergalle, Prince Ribbit
Lair:3 Rupert


Innate Abilities, Weirdness & Mutations

You have hooves in place of feet.
You can steal the life force of defeated enemies.
You are immune to rotting.


Message History

Aiming: Iskenderun's Mystic Blast
Press: ? - help, Shift-Dir - straight line, f - Rupert
Aim: Rupert, wielding a battleaxe of chopping and wearing a ring mail (moderately wounded, berserk, fast, unusually strong)
The orb of energy hits Rupert.
Rupert is heavily wounded.
The orb of energy explodes!
Your battlesphere fires!
The barrage of energy hits Rupert.
Rupert is heavily wounded.
Drink which item? (? for menu, Esc to quit)
Okay, then.
Unknown command.
Casting: Iskenderun's Mystic Blast
Confirm with . or Enter, or press ? or * to list all spells.
Aiming: Iskenderun's Mystic Blast
Press: ? - help, Shift-Dir - straight line, f/p - Rupert
Aim: Rupert, wielding a battleaxe of chopping and wearing a ring mail (heavily wounded, berserk, fast, unusually strong)
The orb of energy misses Rupert.
The orb of energy explodes!
Rupert hits you with a battleaxe of chopping!!
You die...

... >.............## # #..
.............#
...#..####.#..##'.##.##
..............PP....#.P#
...@..........PP....P..# .
#########..............###
#.>.#### ##.....+.......##..
##......## #.@....#.#.#.......
#....#...# ##6........P..P....
#(.......# #....#.#..PP.PP...
.........## ##.............#...
......_...# #...*#.............
.........#######.............#[..
.........P#..PP#...P...#..#......
...................<...%.........
####.##.###.###..#....#.#.#.####.
# ###### ### ##########.#### ##


You could see Rupert (berserk).

Vanquished Creatures
  A hydra (Lair:2)
  A griffon (Lair:3)
  2 komodo dragons (Lair:3)
  5 spiny frogs
  A polar bear (Lair:3)
  A fire drake (Lair:2)
  A basilisk (Lair:2)
  5 blink frogs
  A wyvern (D:6)
  2 hippogriffs
  A yak (D:8)
  A hungry ghost (D:7)
  2 wolves (D:8)
  5 water moccasins
  4 porcupines (Lair:2)
  A necrophage (D:6)
  2 sky beasts
  A wasp (D:8)
  2 phantoms
  3 orc warriors
  2 centaurs
  2 ogres (D:7)
  5 giant frogs
  4 crocodiles
  A gnoll sergeant (D:7)
  4 scorpions
  A quasit (D:8)
  A wyvern simulacrum (D:8)
  2 goliath beetles
  6 hounds
  3 jellies
  3 crimson imps
  An electric eel (D:8)
  4 orc priests
  6 orc wizards
  A giant frog skeleton (D:7)
  5 iguanas
  9 worker ants
  8 sheep (Lair:3)
  Terence (D:2)
  5 gnolls (D:7)
  A hound simulacrum (D:8)
  17 adders
  25 river rats
  2 shadow imps (D:6)
  A giant mite (D:2)
  2 white imps (D:8)
  2 worms (D:3)
  3 ufetubi (D:8)
  4 giant geckos
  24 orcs
  2 bat skeletons
  4 giant cockroaches
  14 goblins
  12 hobgoblins
  10 jackals
  12 kobolds
  3 quokkas
  2 ball pythons
  18 bats
  A giant gecko zombie (D:5)
  4 giant newts
  A jackal skeleton (D:4)
  A quokka simulacrum (D:8)
  10 rats
  3 spectral orcs (Lair:1)
  A plant (D:8)
295 creatures vanquished.

Vanquished Creatures (others)
  2 fungi
2 creatures vanquished.

Grand Total: 297 creatures vanquished

Notes
Turn   | Place    | Note
--------------------------------------------------------------
     0 | D:1      | Mandevil, the Demonspawn Conjurer, began the quest for the Orb.
     0 | D:1      | Reached XP level 1. HP: 13/13 MP: 3/3
   429 | D:1      | Gained mutation: You have large cloven feet. [demonic ancestry]
   429 | D:1      | Reached XP level 2. HP: 19/19 MP: 2/4
   453 | D:1      | Learned a level 2 spell: Searing Ray
  1376 | D:2      | Found a blossoming altar of Fedhas.
  1379 | D:2      | Noticed Terence
  1407 | D:2      | Killed Terence
  1407 | D:2      | Reached skill level 5 in Conjurations
  1407 | D:2      | Reached XP level 3. HP: 17/24 MP: 0/6
  1918 | D:2      | Gained mutation: You can steal the life force of nearby defeated enemies. [demonic ancestry]
  1918 | D:2      | Reached XP level 4. HP: 30/30 MP: 5/7
  3097 | D:3      | Reached skill level 6 in Conjurations
  3247 | D:3      | Found a basalt altar of Yredelemnul.
  3303 | D:3      | Learned a level 4 spell: Iskenderun's Mystic Blast
  3530 | D:4      | Gained mutation: You have hoof-like feet. [demonic ancestry]
  3530 | D:4      | Reached XP level 5. HP: 35/35 MP: 7/9
  4009 | D:4      | Reached XP level 6. HP: 41/41 MP: 7/13
  4169 | D:4      | Found a staircase to the Ecumenical Temple.
  4199 | Temple   | Entered the Ecumenical Temple
  4332 | D:4      | Got a steaming short sword
  4333 | D:4      | Identified the +7 short sword of Gozag's Hatred {freeze, rPois rF- Int+4 Dex+4} (You found it on level 4 of the Dungeon)
  4404 | D:4      | Found a shadowy altar of Dithmenos.
  4439 | D:4      | Reached skill level 7 in Conjurations
  4624 | D:5      | Entered Level 5 of the Dungeon
  4923 | D:5      | Found a burning altar of Makhleb.
  5096 | D:5      | Gained mutation: You have hooves in place of feet. [demonic ancestry]
  5096 | D:5      | Reached XP level 7. HP: 46/46 MP: 12/15
  5176 | D:5      | Reached skill level 8 in Conjurations
  5769 | D:5      | Learned a level 5 spell: Iskenderun's Battlesphere
  5967 | D:6      | Noticed a wyvern
  5970 | D:6      | Killed a wyvern
  6088 | D:6      | Got a transparent war axe
  6107 | D:5      | Identified the cursed -1 war axe "Ugisai" {venom, +Inv rF- rC+ Dex+4} (You found it on level 6 of the Dungeon)
  6123 | D:6      | Reached skill level 9 in Conjurations
  6123 | D:6      | Reached XP level 8. HP: 52/52 MP: 19/19
  6493 | D:6      | Reached skill level 5 in Spellcasting
  7230 | D:6      | Found a glowing silver altar of Zin.
  7683 | Temple   | Became a worshipper of Vehumet
  7890 | D:6      | Reached skill level 10 in Conjurations
  8510 | D:7      | Reached XP level 9. HP: 57/57 MP: 5/22
  8900 | D:7      | Reached skill level 11 in Conjurations
  8941 | D:7      | Acquired Vehumet's first power
  8941 | D:7      | Offered knowledge of Sting by Vehumet.
  9048 | D:7      | Reached skill level 1 in Charms
 10007 | D:8      | Found a staircase to the Lair.
 10183 | D:8      | Reached skill level 1 in Fighting
 10281 | D:8      | Noticed a death yak
 10477 | D:8      | Offered knowledge of Shock by Vehumet.
 10872 | Lair:1   | Entered Level 1 of the Lair of Beasts
 11114 | Lair:1   | Reached skill level 5 in Charms
 11152 | Lair:1   | Gained mutation: You are immune to rotting. [demonic ancestry]
 11152 | Lair:1   | Reached XP level 10. HP: 66/68 MP: 14/25
 11153 | Lair:1   | Noticed Prince Ribbit
 11160 | Lair:1   | Noticed Nergalle
 11538 | Lair:2   | Noticed a five-headed hydra
 11549 | Lair:2   | Killed a five-headed hydra
 12010 | Lair:2   | Reached skill level 12 in Conjurations
 12088 | Lair:2   | Offered knowledge of Throw Frost by Vehumet.
 12763 | Lair:3   | Reached skill level 5 in Fighting
 12763 | Lair:3   | Gained mutation: You can steal the life force of defeated enemies. [demonic ancestry]
 12763 | Lair:3   | Reached XP level 11. HP: 33/79 MP: 20/28
 13207 | Lair:3   | Acquired Vehumet's second power
 13409 | Lair:3   | Offered knowledge of Stone Arrow by Vehumet.
 13422 | Lair:3   | Noticed a griffon
 13430 | Lair:3   | Killed a griffon
 13546 | Lair:3   | Reached skill level 13 in Conjurations
 13647 | Lair:3   | Found a radiant altar of Vehumet.
 13857 | Lair:3   | Noticed Rupert
 13867 | Lair:3   | Paralysed by Rupert for 4 turns
 13873 | Lair:3   | Demolished by Rupert

Action                   |  1- 3 |  4- 6 |  7- 9 | 10-12 || total
-------------------------+-------+-------+-------+-------++-------
Melee: Dagger            |    36 |    48 |    11 |       ||    95
       Unarmed           |     1 |       |       |       ||     1
       Short sword       |       |    12 |   114 |   124 ||   250
 Cast: Magic Dart        |    33 |    47 |   113 |    49 ||   242
       Searing Ray       |     3 |    18 |    20 |     8 ||    49
       Iskenderun's Myst |       |     1 |    58 |    48 ||   107
       Iskenderun's Batt |       |       |     5 |    16 ||    21
Evoke: Wand              |       |       |       |     1 ||     1
  Use: Scroll            |     3 |     7 |    11 |     2 ||    23
       Potion            |       |       |     3 |     2 ||     5
 Stab: Sleeping          |     1 |     1 |     4 |       ||     6
  Eat: Chunk             |     4 |    11 |    23 |    14 ||    52
       Pizza             |       |       |     1 |       ||     1
       Fruit             |       |       |     1 |       ||     1
